 Dungeon Crawl Stone Soup version 0.30.0-10-gfe55d96785 (webtiles) character file.

Game seed: 3791901752206025286

877 monsoonserge the Covert (level 7, 0/35 (36) HPs)
             Began as a Spriggan Delver on May 15, 2023.
             Was a Follower of Uskayaw.
             Slain by Crazy Yiuf
             ... wielding a +4 quarterstaff of chaos
              (1 damage)
             ... on level 6 of the Dungeon.
             The game lasted 00:15:07 (4500 turns).

monsoonserge the Covert (Spriggan Delver)           Turns: 4500, Time: 00:15:09

HP:   0/35 (36)     AC:  6    Str:  8    XL:     7   Next: 75%
MP:   10/10         EV: 19    Int: 12    God:    Uskayaw [*.....]
Gold: 273           SH:  0    Dex: 18    Spells: 6/6 levels left

rFire   . . .        F - +2 short sword (vamp)
rCold   . . .        (no shield)
rNeg    . . .        b - +0 robe
rPois   .            (helmet restricted)
rElec   .            (no cloak)
rCorr   .            (gloves unavailable)
SInv    +            (boots unavailable)
Will    ++...        (no amulet)
Stlth   +++++        t - +4 ring of protection
HPRegen 0.25/turn    G - ring of willpower
MPRegen 0.12/turn

%: no passive effects
@: lethally poisoned (0 -> -13), lightly drained, very quick
A: very small, no large weapons, unfitting armour, see invisible, speed 3
a: Renounce Religion, Stomp


You were on level 6 of the Dungeon.
You worshipped Uskayaw.
Uskayaw was noncommittal.
You visited 1 branch of the dungeon, and saw 6 of its levels.

You collected 273 gold pieces.

Inventory:

Hand Weapons
 j - a +0 short sword of speed
 y - a +1 dagger of venom
 z - a +0 dagger
 F - a +2 vampiric short sword (weapon)
Missiles
 w - 39 stones (quivered)
Armour
 b - a +0 robe (worn)
Magical Staves
 q - a staff of conjuration
Jewellery
 t - a +4 ring of protection (left hand)
 G - a ring of willpower (right hand)
Wands
 d - a wand of charming (18)
 g - a wand of digging (3)
 k - a wand of mindburst (24)
 H - a wand of flame (22)
Scrolls
 c - 2 scrolls of fog
 e - a scroll of fear
 h - 3 scrolls of immolation
 m - 5 scrolls of teleportation {unknown}
 n - a scroll of amnesia {unknown}
 o - 2 scrolls of poison {unknown}
 p - 3 scrolls of enchant weapon {unknown}
 u - 7 scrolls of identify {unknown}
 v - a scroll of brand weapon {unknown}
 x - a scroll of noise {unknown}
 D - a scroll of enchant armour {unknown}
 E - a scroll of silence {unknown}
Potions
 a - a potion of attraction {unknown}
 f - 3 potions of haste
 i - a potion of ambrosia {unknown}
 l - a potion of brilliance {unknown}
 r - 3 potions of curing
 s - 2 potions of heal wounds {unknown}
 A - a potion of mutation {unknown}
 B - 2 potions of lignification {unknown}
 C - a potion of might {unknown}


   Skills:
 + Level 3.4 Fighting
 + Level 5.0 Short Blades
 + Level 4.6 Dodging
 + Level 11.4 Stealth
 * Level 2.8 Invocations


You had 6 spell levels left.
You didn't know any spells.
Your spell library contained the following spells:

 Spells                   Type           Power      Damage    Failure   Level
 Tukima's Dance           Hex            0%         N/A       69%         3
 Passage of Golubria      Tloc           0%         N/A       97%         4
 Yara's Violent Unravell  Hex/Tmut       0%         3d3       100%        5


Dungeon Overview and Level Annotations

Branches:
Dungeon (6/15)
 Temple: D:4-7

Altars:
Ashenzari
Elyvilon
Fedhas
Nemelex Xobeh
Uskayaw
Xom
Zin

Shops:
D:6 =

Portals:
Ossuary: D:6

Annotations:
D:6 Crazy Yiuf


Innate Abilities, Weirdness & Mutations

You are very small and have problems with some larger weapons.
You are too small for most types of armour.
You have supernaturally acute eyesight. (SInv)
You cover ground extremely quickly. (Speed+++)


Message History

The mummy misses you.
You completely miss the mummy.
The mummy is severely damaged.
You hit the mummy but do no damage.
The mummy is severely damaged.
You closely miss the mummy.
The mummy is severely damaged.
The mummy closely misses you.
You hit the mummy.
The mummy is almost destroyed.
You hit the mummy.
You destroy the mummy!
Your Short Blades skill increases to level 5!
s - 2 metallic ruby potions (gained 1)
There are no items here.
There is an open door here.
Found 5 stones.
w - 39 stones (gained 5)
You hear the slow hiss of an avalanche of sand.
You open the door.
There is an open door here.
Found a hammer.
Found a runed translucent door.
Crazy Yiuf shouts!
Crazy Yiuf cries, "You leg down broken song, no?"
You open the door. You closely miss Crazy Yiuf. You completely miss Crazy Yiuf.
Crazy Yiuf closely misses you.
You hit Crazy Yiuf.
Crazy Yiuf is moderately wounded.
Crazy Yiuf hits you with a +4 quarterstaff of chaos!!
Ouch! That really hurt!
You are poisoned.
Okay, then.
You hit Crazy Yiuf.
You feel better.
Crazy Yiuf is heavily wounded.
You feel very sick.
Crazy Yiuf hits you with a +4 quarterstaff of chaos!
* * * LOW HITPOINT WARNING * * *
You feel drained.
You die...

.....#
.....#######
...........#
##....##...#
#####
...##......#
#)..#
...........#
#...#
#'#####....#
...
....##.....#
#g#
...##..#...#
♣@♣♣
#∩##..##...#
♣♣.♣
###..###...#
♣.♣♣ .#..##
##.## ♣♣.♣
...## #.#
♣♣.♣♣ ####
#.# ♣♣...♣
#.# ♣....♣
#.# #....#
#.#####'..+##


You could see Crazy Yiuf.

Vanquished Creatures
  A black bear (D:5)
  2 phantoms (D:5)
  A bullfrog (D:6)
  3 scorpions
  A howler monkey (D:5)
  3 hounds (D:5)
  2 orc priests
  An orc wizard (D:3)
  A mummy (D:6)
  4 gnolls (D:3)
  5 adders
  A white imp (D:4)
  A worm (D:4)
  15 orcs
  4 ball pythons
  7 endoplasms
  A giant cockroach (D:4)
  3 goblins
  8 hobgoblins
  7 kobolds
  3 quokkas
  A bat (D:1)
  5 frilled lizards
  3 rats
83 creatures vanquished.

Notes
Turn   | Place    | Note
-------+----------+-------------------------------------------
     0 | D:5      | monsoonserge the Spriggan Delver began the quest for the
                  | Orb.
     0 | D:5      | Reached XP level 1. HP: 11/11 MP: 2/2
    16 | D:5      | Noticed a howler monkey
    23 | D:5      | Killed a howler monkey
    24 | D:5      | Reached skill level 8 in Stealth
    24 | D:5      | Reached XP level 2. HP: 16/16 MP: 3/3
    24 | D:5      | Reached XP level 3. HP: 19/19 MP: 4/4
    51 | D:5      | Noticed a phantom
    66 | D:5      | Found a shimmering altar of Xom.
    67 | D:5      | Found a shimmering altar of Xom.
    67 | D:5      | Found a shimmering altar of Xom.
   344 | D:3      | Reached skill level 9 in Stealth
   344 | D:3      | Reached XP level 4. HP: 11/23 MP: 5/5
   557 | D:4      | Found a hide-covered altar of Uskayaw.
   566 | D:4      | Became a worshipper of Uskayaw the Reveller
   574 | D:4      | Noticed a scorpion
   595 | D:4      | Reached * piety under Uskayaw
   603 | D:4      | Reached ** piety under Uskayaw
   606 | D:4      | Killed a scorpion
   607 | D:4      | Reached XP level 5. HP: 13/28 MP: 1/6
  1136 | D:1      | Found a faded altar of an unknown god.
  1601 | D:2      | Reached skill level 10 in Stealth
  2265 | D:3      | HP: 1/28 [poisoned by an orc wizard]
  2416 | D:3      | Reached XP level 6. HP: 32/32 MP: 7/7
  2417 | D:3      | Reached *** piety under Uskayaw
  2980 | D:4      | Reached skill level 1 in Invocations
  3147 | D:4      | Found a blossoming altar of Fedhas.
  3150 | D:4      | Found a glowing silver altar of Zin.
  3170 | D:4      | Found a white marble altar of Elyvilon.
  3170 | D:4      | Found a sparkling altar of Nemelex Xobeh.
  3172 | D:4      | Found a broken altar of Ashenzari.
  3722 | D:5      | Reached skill level 11 in Stealth
  3722 | D:5      | Reached XP level 7. HP: 29/36 MP: 4/9
  4395 | D:6      | Found Hyreinytz's Jewellery Shop.
  4426 | D:6      | Found a sand-covered staircase.
  4448 | D:6      | Reached skill level 5 in Short Blades
  4492 | D:6      | Found a runed translucent door.
  4493 | D:6      | Noticed Crazy Yiuf
  4500 | D:6      | HP: 1/36 [Crazy Yiuf/+4 quarterstaff of chaos (14)]
  4500 | D:6      | Slain by Crazy Yiuf

Illustrated notes

Levels and vault maps discovered:
D:1:      wander_arrival_lonely_grave, layout_loops_ring,
          hellmonk_ecumenical_altar_blasted, minmay_misc_feat_rugged
D:2:      layout_basic, minmay_tetromino_l4
D:3:      layout_loops_corners, minmay_misc_feat_plants
D:4:      layout_loops_ring, nicolae_overflow_hidden_temple,
          mainiacjoe_overflow_chevrons, grunt_decor_resistance
D:5:      layout_gridville, xom_redecorated, uniq_grinder
D:6:      layout_rooms, mainiacjoe_overflow_six_doors_small, okawaru_trees_2,
          minmay_temple_entry_junction, serial_shops,
          nicolae_book_shop_shelving, shop, shop, gup_ossuary_entry_pyramid,
          minmay_misc_feat_tower, minmay_misc_feat_more_columns,
          uniq_crazy_yiuf_cottage

Skill      XL: |  1  2  3  4  5  6  7 |
---------------+----------------------+-----
Stealth        | 8 9 10 11 | 11.4
Fighting       | 3 |  3.4
Short Blades   | 3 4 5 |  5.0
Dodging        | 3 4 |  4.6
Invocations    | 2 |  2.8

Action                     |  1- 3 |  4- 6 |  7- 9 || total
---------------------------+-------+-------+-------++-------
  Melee: Short sword       |    41 |   295 |    87 ||   423
         Punch             |       |     4 |     2 ||     6
 Invoke: Line Pass         |       |     2 |     1 ||     3
         Stomp             |       |     2 |     2 ||     4
    Use: Scroll            |     1 |       |       ||     1
         Potion            |       |     2 |       ||     2
   Stab: Sleeping          |     4 |    28 |     2 ||    34
         Distracted        |       |     1 |       ||     1
         Paralysed         |       |     1 |       ||     1
 Armour: Robe              |     4 |    23 |    13 ||    40
  Dodge: Dodged            |    22 |   130 |    60 ||   212
